 Dungeon Crawl Stone Soup version 0.26-a0-771-g060e6a62af (webtiles) character file.

Game seed: 16811319349013747900

55 Glundar the Grasshopper (level 3, 0/32 HPs)
             Began as a Palentonga Warper on Aug 14, 2020.
             Succumbed to an adder's poison
             ... on level 2 of the Dungeon on Nov 8, 2020.
             The game lasted 00:09:02 (1383 turns).

Glundar the Grasshopper (Palentonga Warper)         Turns: 1383, Time: 00:09:03

Health: 0/32       AC:  7    Str: 12 (14) XL:     3   Next: 67%
Magic:  6/6        EV:  7    Int: 12 (14) God:
Gold:   56         SH:  0    Dex:  6 (9)  Spells: 4/6 levels left

rFire    . . .     SeeInvis +   a - +0 falchion
rCold    . . .     Faith    .   (no shield)
rNeg     . . .     Spirit   .   k - +0 chain mail (curse)
rPois    .         Reflect  .   (no helmet)
rElec    .         Harm     .   (no cloak)
rCorr    .         Rampage  .   (no gloves)
MR       .....                  (no barding)
Stlth    ..........             (no amulet)
HPRegen  0.10/turn              o - +4 ring of evasion
MPRegen  0.10/turn              (no ring)

@: lethally poisoned (0 -> -5), flying, invisible
A: large, rugged brown scales 3, see invisible, deformed body, roll, armoured
tail
a: Rolling Charge


You were on level 2 of the Dungeon.
You visited 1 branch of the dungeon, and saw 2 of its levels.

You collected 56 gold pieces.

Inventory:

Hand Weapons
 a - a +0 falchion (weapon)
Missiles
 e - 5 boomerangs of dispersal (quivered)
 p - 7 curare-tipped darts
Armour
 b - a +0 leather armour
 k - a cursed +0 chain mail (worn)
 t - a +1 robe of positive energy
Jewellery
 o - a +4 ring of evasion (left hand)
 r - an uncursed ring of see invisible {unknown}
 s - an uncursed amulet of the acrobat {unknown}
Wands
 u - a wand of polymorph (7)
Scrolls
 d - a scroll of blinking
 h - a scroll of magic mapping {unknown}
 i - 2 scrolls of noise {unknown}
 j - a scroll of remove curse {unknown}
 l - a scroll of enchant armour {unknown}
 n - a scroll of teleportation {unknown}
 q - a scroll of enchant weapon {unknown}
Potions
 c - a potion of berserk rage {unknown}


   Skills:
 + Level 2.4 Fighting
 + Level 2.8 Long Blades
 + Level 0.7 Throwing
 + Level 1.1 Armour
 + Level 1.8 Dodging
 + Level 2.4 Spellcasting
 + Level 3.0 Translocations


You had 4 spell levels left.
You knew the following spells:

 Your Spells              Type           Power        Failure   Level
a - Blink                 Tloc           N/A          99%         2

Your spell library contained the following spells:

 Spells                   Type           Power        Failure   Level
 Gell's Gravitas          Tloc           #.........   100%        3
 Lesser Beckoning         Tloc           #.........   100%        3
 Teleport Other           Tloc           #.......     100%        3
 Passage of Golubria      Tloc           N/A          100%        4


Dungeon Overview and Level Annotations

Branches:
Dungeon (2/15)

Altars:


Innate Abilities, Weirdness & Mutations

You are completely covered in rugged brown scales. (AC +3, +7% HP)
You have supernaturally acute eyesight. (SInv)
Armour fits poorly on your strangely shaped body.
You can roll at foes to attack.
You have a long armoured tail.


Message History

You feel sick.
You closely miss the rat. The rat bites you but does no damage.
You hit the rat.
The rat is heavily wounded.
* * * LOW HITPOINT WARNING * * *
You feel sick. The rat bites you but does no damage. The rat bites you.
* * * LOW HITPOINT WARNING * * *
You hit the rat.
You kill the rat!
It was a potion of flight.
You feel very buoyant.
You fly up into the air.
* * * LOW HITPOINT WARNING * * *
You feel sick.
It was a potion of degeneration.
There was something very wrong with that liquid.
You feel weakened.
You feel dopey.
You feel clumsy.
It was a potion of invisibility.
You fade into invisibility!
You die...

.####.#..##.#
.........†..
.#.......##.#
.........<..
....#....##.#
.....(......
.......>.##.#
#............
......##.##.#######
#............
.........##.).....#
#............
.......##########.#
#............ .....#.#
......##.# #............
†....#.#
#....@.###............
.......#
.....####..........#####
....#### ... .#####<...+
....# . ...........#
....# #######....# ....#
#.#.#.. ##### #.#.# ##
#.#.. #.# ##


There were no monsters in sight!

Vanquished Creatures
  3 adders (D:2)
  A leopard gecko (D:2)
  4 bats
  A giant cockroach (D:2)
  3 goblins
  5 hobgoblins
  2 jackals (D:1)
  3 kobolds
  2 frilled lizards (D:1)
  2 rats
26 creatures vanquished.

Notes
Turn   | Place    | Note
-------+----------+-------------------------------------------
     0 | D:1      | Glundar the Palentonga Warper began the quest for the Orb.
     0 | D:1      | Reached XP level 1. HP: 17/17 MP: 3/3
   144 | D:1      | Upgraded the game from 0.26-a0-537-g96b2eae49b to
                  | 0.26-a0-771-g060e6a62af
   165 | D:1      | Reached XP level 2. HP: 25/25 MP: 5/5
   825 | D:2      | Reached skill level 1 in Armour
   825 | D:2      | Reached XP level 3. HP: 11/31 MP: 6/6
  1350 | D:2      | Learned a level 2 spell: Blink
  1379 | D:2      | HP: 1/32 [rat (2)]
  1383 | D:2      | Succumbed to an adder's poison

Illustrated notes

Levels and vault maps discovered:
D:1:      dpeg_arrival_rooms_c, layout_basic
D:2:      layout_basic

Skill      XL: |  1  2 |
---------------+-------+-----
Armour         | 1 |  1.1
Fighting       | |  2.4
Long Blades    | |  2.8
Throwing       | |  0.7
Dodging        | |  1.8
Spellcasting   | |  2.4
Translocations | |  3.0

Action                   || total
-------------------------++-------
Melee: Falchion          ||    99
       Tailslap          ||     9
  Use: Potion            ||     3
Armor: Leather armour    ||    10
       Chain mail        ||    53
Dodge: Dodged            ||    45
       Rpst.: Falchion   ||    14

Table legend: (Time is in decaauts)
 A = Elapsed time spent in this place.
 B = Non-inter-level travel time spent in this place.
 C = Inter-level travel time spent in this place.
 D = Time resting spent in this place.
 E = Time spent auto-exploring this place.
 F = Levels seen in this place.
 G = Mean time per level.
                   A        B        C        D        E       F      G
               +--------+--------+--------+--------+--------+-----+--------+
         Total |   1402 |   1294 |    108 |    516 |    449 |   2 |  701.0 |
       Dungeon |   1402 |   1294 |    108 |    516 |    449 |   2 |  701.0 |
               +--------+--------+--------+--------+--------+-----+--------+

Top non-repeatable levels by time:
     D:1: 1155 daAuts
     D:2: 246 daAuts
